AoeStats
← 吹尽凡尘心

Arena

507112060Analyzed
4v4 RM · 17d ago on Sep 16, 2026· 64m 53s· 8 players
Game mode
Random Map
Map size
Large (8 player)
Population
200
Speed
Normal
Resources
Standard
Victory
Conquest
Starting age
Dark Age
Ending age
Imperial Age
RankedLock teamsTeams togetherTeam positionsShared explorationLock speedFull tech treeHidden civsTurbo modeCheats
Victory
Defeat
🇮🇳 Saracens · India
1735
+6
🇭🇰 Gurjaras · Hong Kong SAR China
1640
+9
🇩🇪 Shu · Germany
1431
+17
🇩🇪 Celts · Germany
1357
+19
🇬🇪 Britons · Georgia
1484
-13
🇦🇷 Persians · Argentina
1481
-13
🇯🇵 Spanish · Japan
1464
-13
🇨🇳 Cumans · China
1458
-12
Cleopatra
10:14 Feudal Age
14:00 Castle Age
12:01 Horse Collar
13:15 Double-Bit Axe
15:57 Wheelbarrow
15:47 Bow Saw
23:54 Heavy Plow
24:15 Hand Cart
23:57 Gold Mining
26:37 Loom
30:22 Imperial Age
27:59 Scale Barding Armor
28:04 Forging
29:11 Chain Barding Armor
30:06 Iron Casting
30:05 Stone Mining
30:50 Gold Shaft Mining
30:01 Elite War Elephant
31:02 Conscription
31:19 Plate Barding Armor
31:06 Husbandry
31:18 Bloodlines
31:59 Stone Shaft Mining
34:45 Two-Man Saw
34:16 Crop Rotation
36:31 Light Cavalry
37:48 Hussar
43:23 Heavy Camel Rider
48:00 Caravan
49:47 Ballistics
49:21 Fletching
49:32 Padded Archer Armor
50:23 Bodkin Arrow
50:30 Kamandaran
49:52 Crossbowman
50:38 Thumb Ring
51:45 Blast Furnace
59:52 Cavalier
[TMG] purple
10:18 Feudal Age
14:31 Castle Age
12:17 Horse Collar
12:49 Double-Bit Axe
15:34 Bow Saw
15:26 Heavy Plow
18:36 Wheelbarrow
19:40 Hand Cart
21:05 Fletching
21:28 Stone Mining
22:01 Gold Mining
22:52 Loom
27:39 Imperial Age
25:49 Padded Archer Armor
26:33 Gold Shaft Mining
26:20 Bodkin Arrow
27:30 Ballistics
29:23 Chemistry
28:25 Bracer
28:47 Elite Longbowman
30:28 Conscription
31:53 Yeomen
33:43 Leather Archer Armor
44:35 Warwolf
47:17 Two-Man Saw
46:19 Caravan
49:21 Ring Archer Armor
49:24 Coinage
吹尽凡尘心
8:54 Feudal Age
9:36 Double-Bit Axe
10:59 Horse Collar
20:05 Castle Age
19:55 Bloodlines
19:56 Scale Barding Armor
20:01 Forging
19:46 Gold Mining
21:28 Chain Barding Armor
22:18 Gold Shaft Mining
23:07 Loom
24:47 Bow Saw
27:38 Iron Casting
33:19 Pikeman
34:10 Scale Mail Armor
41:10 Wheelbarrow
43:35 Imperial Age
40:42 Capped Ram
42:45 Light Cavalry
44:51 Chain Mail Armor
45:36 Blast Furnace
45:23 Halberdier
46:10 Squires
47:43 Two-Man Saw
49:50 Siege Ram
50:56 Cavalier
52:18 Plate Mail Armor
52:23 Plate Barding Armor
52:38 Paladin
56:20 Heavy Plow
57:42 Hand Cart
59:16 Conscription
60:13 Caravan
勇敢牛牛
10:58 Feudal Age
11:50 Double-Bit Axe
14:32 Castle Age
12:22 Double-Bit Axe
15:25 Bow Saw
18:43 Fletching
35:18 Loom
42:20 Imperial Age
40:31 Wheelbarrow
41:54 Padded Archer Armor
45:03 Bloodlines
47:18 Husbandry
47:34 Leather Archer Armor
52:43 Chemistry
52:59 Supremacy
59:15 Ballistics
59:11 Light Cavalry
59:57 Caravan
60:14 Bodkin Arrow
60:35 Hussar
Zni.Kark01
9:15 Feudal Age
11:22 Fletching
17:52 Horse Collar
20:18 Gold Mining
24:14 Castle Age
24:34 Padded Archer Armor
24:49 Double-Bit Axe
24:29 Crossbowman
25:33 Bodkin Arrow
26:46 Leather Archer Armor
27:36 Wheelbarrow
28:47 Bow Saw
30:05 Stone Mining
31:13 Gold Shaft Mining
32:24 Loom
38:46 Town Watch
40:19 Heavy Plow
41:29 Ballistics
43:47 Thumb Ring
47:37 Imperial Age
49:25 Chemistry
48:04 Elite Skirmisher
50:40 Bracer
51:11 Ring Archer Armor
51:19 Hand Cart
52:29 Masonry
52:01 Treadmill Crane
53:24 Siege Engineers
59:27 Bloodlines
59:17 Husbandry
58:38 Light Cavalry
59:25 Scale Barding Armor
59:30 Forging
59:19 Heavy Camel Rider
61:07 Chain Barding Armor
61:57 Caravan
AncientKing
10:51 Feudal Age
11:57 Double-Bit Axe
14:54 Castle Age
16:29 Bow Saw
16:18 Loom
16:22 Town Watch
22:44 Wheelbarrow
23:43 Gold Mining
23:46 Stone Mining
26:09 Gold Shaft Mining
29:00 Imperial Age
26:46 Hand Cart
27:00 Fletching
27:08 Horse Collar
28:14 Bodkin Arrow
28:20 Padded Archer Armor
27:53 Elite Skirmisher
28:39 Thumb Ring
29:33 Ballistics
28:59 Crossbowman
29:53 Bracer
30:18 Bolt Magazine
30:32 Thumb Ring
32:34 Leather Archer Armor
33:20 Chemistry
33:46 Conscription
34:27 Heavy Plow
35:39 Arbalester
36:35 Leather Archer Armor
36:32 Masonry
41:15 Two-Man Saw
41:04 Illumination
41:15 Theocracy
46:05 Scale Mail Armor
46:39 Ring Archer Armor
46:39 Scale Mail Armor
46:50 Forging
48:48 Chain Mail Armor
48:49 Caravan
48:27 Pikeman
49:08 Squires
51:19 Plate Mail Armor
50:14 Halberdier
58:06 Coiled Serpent Array
60:41 Siege Engineers
Caram
10:45 Feudal Age
14:32 Castle Age
12:32 Double-Bit Axe
12:28 Horse Collar
15:47 Bow Saw
19:15 Heavy Plow
21:17 Wheelbarrow
27:31 Imperial Age
25:17 Hand Cart
25:19 Gold Mining
25:20 Stone Mining
25:30 Loom
26:32 Scale Mail Armor
26:42 Forging
26:39 Pikeman
27:35 Chain Mail Armor
28:50 Iron Casting
27:48 Capped Ram
28:21 Halberdier
29:33 Plate Mail Armor
28:50 Siege Ram
31:44 Blast Furnace
31:13 Conscription
31:26 Furor Celtica
31:24 Arson
31:32 Fletching
33:50 Chemistry
37:29 Onager
38:20 Siege Engineers
38:25 Masonry
38:43 Siege Onager
43:36 Stronghold
45:02 Coinage
44:43 Guilds
48:20 Caravan
48:51 Banking
54:12 Town Watch
55:46 Hoardings
57:27 Bodkin Arrow
Morris=w=
9:36 Feudal Age
13:55 Castle Age
12:19 Double-Bit Axe
14:31 Horse Collar
17:09 Loom
19:04 Scale Barding Armor
24:34 Bow Saw
25:26 Stone Mining
26:52 Gold Mining
27:55 Wheelbarrow
27:48 Bloodlines
28:21 Chain Barding Armor
29:50 Forging
31:31 Iron Casting
31:07 Heavy Plow
31:18 Town Watch
31:59 Husbandry
33:06 Gold Shaft Mining
36:18 Imperial Age
34:52 Hand Cart
36:27 Kshatriyas
36:21 Heavy Camel Rider
37:47 Plate Barding Armor
38:24 Conscription
38:16 Elite Shrivamsha Rider
40:22 Stone Shaft Mining
44:54 Coinage
45:44 Crop Rotation
45:13 Fletching
47:13 Banking
49:20 Scale Mail Armor
49:18 Light Cavalry
53:25 Hussar
56:23 Bodkin Arrow
58:32 Bracer
58:40 Caravan
Connection lost

Rejoining the realm…

Still unreachable

The connection could not be restored.

Session expired

The server has moved on; the page needs a fresh start.